 Dungeon Crawl Stone Soup version 0.31.0-12-g77e489cdc1 (webtiles) character file.

Game seed: 2906337093588082832

1680 Silvore the Slasher (level 8, -19/61 HPs)
             Began as a Demonspawn Fighter on Feb 14, 2024.
             Was a Believer of Okawaru.
             Killed from afar by Maggie (21 damage)
             ... with a bolt of fire
             ... on level 6 of the Dungeon.
             The game lasted 00:07:00 (5682 turns).

Silvore the Slasher (Demonspawn Fighter)            Turns: 5682, Time: 00:07:00

Health: -19/61     AC:  0    Str: 19    XL:     8   Next: 70%
Magic:  0/8        EV: 14    Int:  9    God:    Okawaru [**....]
Gold:   301        SH:  5    Dex: 12    Spells: 7/7 levels left

rFire   . . .        a - melded +0 long sword
rCold   . . .        c - melded +0 buckler
rNeg    . . .        m - melded +0 chain mail
rPois   .            (helmet currently unavailable)
rElec   .            (cloak currently unavailable)
rCorr   .            (gloves currently unavailable)
SInv    .            (boots currently unavailable)
Will    .....        e - amulet of reflection
Stlth   +            h - melded ring of see invisible
HPRegen 0.30/turn    (ring currently unavailable)
MPRegen 0.22/turn

%: reflection, guardian spirit
@: pig-form, mesmerised, very quick
A: fast, no casting, small, (horns 1), (spiny 1), magic shield, magic
regeneration, (sharp scales 1)
a: Renounce Religion, Heroism


You were on level 6 of the Dungeon.
You worshipped Okawaru.
Okawaru was pleased with you.
You were a filthy swine.
You visited 1 branch of the dungeon, and saw 6 of its levels.

You collected 301 gold pieces.

Inventory:

Hand Weapons
 a - a +0 long sword (melded)
Armour
 b - a +0 scale mail
 c - a +0 buckler (melded)
 m - a +0 chain mail (melded)
Jewellery
 e - an amulet of reflection (around neck)
 h - a ring of see invisible (melded)
Wands
 d - a wand of polymorph (10)
 s - a wand of flame (21)
Scrolls
 g - 2 scrolls of fear
 n - 3 scrolls of teleportation
 p - a scroll of identify
 q - a scroll of brand weapon {unknown}
 u - a scroll of enchant armour {unknown}
Potions
 f - 2 potions of berserk rage
 i - 3 potions of haste {unknown}
 j - a potion of might
 k - a potion of cancellation {unknown}
 l - 2 potions of curing
 o - a potion of heal wounds {unknown}
 r - 2 potions of enlightenment {unknown}
 t - a potion of brilliance {unknown}


   Skills:
 + Level 4.9 Fighting
 + Level 6.2 Long Blades
 + Level 5.9 Armour
 + Level 2.1 Dodging
 + Level 5.2 Shields
 + Level 0.3 Unarmed Combat


You had 7 spell levels left.
You didn't know any spells.
Your spell library contained the following spells:

 Spells                   Type           Power      Damage    Failure   Level
 Necrotise                Necr           0%         1d4       38%         1
 Ensorcelled Hibernation  Hex/Ice        0%         N/A       52%         2
 Passwall                 Erth           0%         N/A       77%         3
 Swiftness                Air            0%         N/A       77%         3
 Vampiric Draining        Necr           0%         2d6       77%         3
 Curse of Agony           Necr           0%         N/A       100%        5
 Summon Ice Beast         Ice/Summ       Unusable   N/A       N/A         3
 Martyr's Knell           Necr/Summ      Unusable   N/A       N/A         4
 Summon Mana Viper        Hex/Summ       Unusable   N/A       N/A         5
 Monstrous Menagerie      Summ           Unusable   N/A       N/A         7

Dungeon Overview and Level Annotations

Branches:
Dungeon (6/15)
 Temple: D:4-7

Altars:
Fedhas
Kikubaaqudgha
Okawaru
Ru
Sif Muna
Uskayaw

Shops:
D:1 (   D:5 *

Annotations:
D:6 Maggie


Innate Abilities, Weirdness & Mutations

You are a filthy swine.
You move quickly.
Your equipment is almost entirely melded.
You are incapable of wielding weapons or throwing items.
You cannot cast spells.
((You have a pair of small horns on your head.))
((You are partially covered in sharp spines.))
When hurt, damage is shared between your health and your magic reserves.
You regenerate magic rapidly.
((You are partially covered in razor-sharp scales. (AC +1, Slay +1)))


Message History

The bolt of fire hits you!!
* * * LOW HITPOINT WARNING * * *
Unknown command.
You feel better. Maggie is struck by your spines.
Maggie hits you with a +0 broad axe!
* * * LOW HITPOINT WARNING * * *
Okay, then.
You hit Maggie. Your headbutt misses Maggie.
Maggie is almost dead.
Maggie casts a spell.
Maggie draws you further into her thrall.
You barely miss Maggie.
Maggie is almost dead.
You block Maggie's attack.
You barely miss Maggie. You headbutt Maggie, but do no damage.
Maggie is almost dead.
Maggie casts a spell at you. The bolt of fire misses you.
You hit Maggie.
Maggie is almost dead.
Maggie zaps a wand.
You turn into a filthy swine.
Your +0 long sword melds into your body.
Your +0 buckler melds into your body.
Your +0 chain mail melds into your body.
Your ring of see invisible melds into your body.
You closely miss Maggie.
Maggie is almost dead.
Maggie hits you with a +0 broad axe.
* * * LOW HITPOINT WARNING * * *
Unknown command.
You hit Maggie.
Maggie is almost dead.
Maggie misses you.
You completely miss Maggie.
Maggie is almost dead.
You barely miss Maggie.
Maggie is almost dead.
Maggie gestures at you while chanting. The bolt of fire hits you!!
You die...

#..............
#####..##......
#..######... ########
#.## #... #......# #.#
##.. #...[..###.####
#..
##.............#######
#...@...######.......#
#....h...# ########.#
####.###.## #.# #.. #.
#..###.# ##. #.#
##..##.## #.
#.#####<##..# ##
#.##........## ####
#.##....#....###...
#.##..[............
#.##....##.#.##....


You could see Maggie (mesmerising).

Vanquished Creatures
  Grinder (D:5)
  A steam dragon (D:6)
  A water moccasin (D:5)
  A phantom (D:3)
  2 kobold brigands
  A scorpion (D:5)
  5 wights
  2 bombardier beetles (D:4)
  A jelly (D:6)
  4 orc priests
  4 hounds
  An iguana (D:4)
  4 orc wizards
  Robin (D:2)
  4 adders
  A shadow imp (D:6)
  A dart slug (D:4)
  A ribbon worm (D:5)
  14 orcs
  11 ball pythons
  7 endoplasms
  5 giant cockroaches
  14 goblins
  11 hobgoblins
  2 jackals (D:1)
  3 quokkas
  2 bats
  6 frilled lizards
  10 kobolds
  5 rats
126 creatures vanquished.

Vanquished Creatures (others)
  An ogre (D:6)
1 creature vanquished.

Grand Total: 127 creatures vanquished

Notes
Turn   | Place    | Note
-------+----------+-------------------------------------------
     0 | D:1      | Silvore the Demonspawn Fighter began the quest for the Orb.
     0 | D:1      | Reached XP level 1. HP: 18/18 MP: 1/1
    63 | D:1      | Found Zihisel's Antique Weapon Boutique.
   160 | D:1      | Gained mutation: You are partially covered in razor-sharp
                  | scales. (AC +1, Slay +1) [demonic ancestry]
   160 | D:1      | Reached XP level 2. HP: 23/24 MP: 2/2
   285 | D:1      | Reached skill level 2 in Long Blades
   385 | D:1      | Found a faded altar of an unknown god.
   483 | D:1      | Prayed at the altar of an unknown god.
   483 | D:1      | Became a worshipper of Uskayaw the Reveller
   483 | D:1      | Reached * piety under Uskayaw
   511 | D:1      | Fell from the grace of Uskayaw
   543 | D:1      | Gained mutation: You regenerate magic rapidly. [demonic
                  | ancestry]
   543 | D:1      | Reached XP level 3. HP: 25/29 MP: 3/3
  1002 | D:2      | Noticed Robin
  1186 | D:2      | HP: 1/29 [Robin/+0 short sword (5)]
  1187 | D:2      | Killed Robin
  1411 | D:2      | Reached XP level 4. HP: 33/35 MP: 4/4
  2026 | D:3      | Gained mutation: You are partially covered in sharp spines.
                  | [demonic ancestry]
  2026 | D:3      | Reached XP level 5. HP: 11/41 MP: 5/5
  2626 | D:3      | Reached skill level 3 in Long Blades
  2648 | D:3      | Reached skill level 1 in Dodging
  2664 | D:3      | Found a shimmering blue altar of Sif Muna.
  2772 | D:3      | Found an iron altar of Okawaru.
  2825 | D:3      | Became a worshipper of Warmaster Okawaru
  3121 | D:4      | Noticed a phantom
  3151 | D:3      | Killed a phantom
  3152 | D:3      | Gained mutation: When hurt, damage is shared between your
                  | health and your magic reserves. [demonic ancestry]
  3152 | D:3      | Reached XP level 6. HP: 39/48 MP: 6/6
  3216 | D:4      | Paralysed by the fury of Uskayaw for 5 turns
  3216 | D:4      | Was forgiven by Uskayaw
  3287 | D:4      | Reached skill level 4 in Long Blades
  3672 | D:4      | Found a blossoming altar of Fedhas.
  3766 | D:5      | Entered Level 5 of the Dungeon
  3805 | D:5      | Found Vuppuef's Assorted Antiques.
  3879 | D:5      | Reached XP level 7. HP: 54/54 MP: 7/7
  4092 | D:5      | Found a hide-covered altar of Uskayaw.
  4102 | D:5      | Reached * piety under Okawaru
  4151 | D:5      | Noticed Grinder
  4157 | D:5      | Paralysed by Grinder for 5 turns
  4164 | D:5      | Killed Grinder
  4165 | D:5      | Reached skill level 5 in Long Blades
  4362 | D:5      | Reached skill level 5 in Armour
  4362 | D:5      | Gained mutation: You have a pair of small horns on your
                  | head. [demonic ancestry]
  4362 | D:5      | Reached XP level 8. HP: 19/60 MP: 6/8
  4684 | D:5      | Found an ancient bone altar of Kikubaaqudgha.
  5223 | D:6      | Reached ** piety under Okawaru
  5352 | D:6      | Reached skill level 5 in Shields
  5400 | D:6      | Reached skill level 6 in Long Blades
  5547 | D:6      | Found a sacrificial altar of Ru.
  5651 | D:6      | Noticed Maggie
  5673 | D:6      | HP: 2/61 [Maggie/bolt of fire (19)]
  5679 | D:6      | HP: 1/61 [Maggie/+0 broad axe (1)]
  5682 | D:6      | Killed from afar by Maggie

Illustrated notes

Levels and vault maps discovered:
D:1:      minmay_arrival_four_loops, layout_basic, serial_shops,
          nicolae_shop_window_shopping, hellmonk_ecumenical_altar_run_dry,
          minmay_door_square
D:2:      layout_loops_cross, minmay_tripent, uniq_robin
D:3:      layout_basic, kennysheep_orc_sif_temple, mainiacjoe_overflow_alcove_1,
          minmay_pentomino_pile
D:4:      layout_rooms, mainiacjoe_overflow_chevrons
D:5:      layout_loops_cross, mainiacjoe_overflow_surrounded_room,
          lemuel_doored_altar, serial_shops, shop, grunt_ministairs_1,
          minmay_holes, uniq_grinder
D:6:      layout_rooms, nicolae_ru_awakened_eye, chequers_serial_rivers_micro_d,
          uniq_maggie

Skill      XL: |  1  2  3  4  5  6  7  8 |
---------------+-------------------------+-----
Long Blades    | 2 3 4 5 6 |  6.2
Shields        | 3 4 5 |  5.2
Armour         | 3 4 5 |  5.9
Dodging        | 1 2 |  2.1
Fighting       | 4 |  4.9
Unarmed Combat | |  0.3

Action                     |  1- 3 |  4- 6 |  7- 9 || total
---------------------------+-------+-------+-------++-------
  Melee: Long sword        |   121 |   125 |   152 ||   398
         Unarmed           |    16 |       |     4 ||    20
         Headbutt          |       |       |    24 ||    24
 Invoke: Renounce Religion |     1 |       |       ||     1
    Use: Scroll            |     2 |     6 |     2 ||    10
         Potion            |     1 |       |     5 ||     6
 Armour: Scale mail        |   109 |    54 |       ||   163
         Skin              |     8 |       |     2 ||    10
         Chain mail        |       |     8 |   104 ||   112
  Dodge: Dodged            |    54 |    40 |    45 ||   139
  Block: Buckler           |    80 |    69 |    89 ||   238
         Other             |     4 |       |       ||     4
         Reflection        |       |     2 |     1 ||     3
